 Dungeon Crawl Stone Soup version 0.29-a0-1023-g6ae1a4a2c7 (webtiles) character file.

Game seed: 16684135054072702217

757 ytrimaz the Cleaver (level 7, -7/78 HPs)
             Began as a Demonspawn Berserker on Aug 10, 2022.
             Was a Priest of Trog.
             Mangled by a hornet (9 damage)
             ... on level 5 of the Dungeon on Aug 11, 2022.
             The game lasted 00:05:54 (5386 turns).

ytrimaz the Cleaver (Demonspawn Berserker)          Turns: 5386, Time: 00:05:54

Health: -7/78      AC: 23    Str: 20    XL:     7   Next: 50%
Magic:  7/7        EV:  2    Int:  8    God:    Trog [***...]
Gold:   219        SH:  0    Dex: 12    Spells: 6/6 levels left

rFire   . . .      SeeInvis .   a - +0 hand axe
rCold   . . .      Faith    +   (no shield)
rNeg    . . .      Spirit   .   (body armour currently unavailable)
rPois   +          Reflect  .   (helmet currently unavailable)
rElec   .          Harm     .   (cloak currently unavailable)
rCorr   .          Rampage  .   (gloves currently unavailable)
Will    .....      NoTele   +   (boots currently unavailable)
Stlth   +.........              m - amulet of faith
HPRegen 0.23/turn               p - ring of poison resistance
MPRegen 0.10/turn               (no ring)

@: confused, lethally poisoned (-7 -> -12), tree-form, ambrosia-drunk, on
berserk cooldown, attractive, slowed, very slow
A: stationary, stasis, torment immunity, boosted hp, (yellow scales 1), ignite
blood 1, (spiny 1), (weakness stinger 2)
a: Renounce Religion, Berserk, Trog's Hand


You were on level 5 of the Dungeon.
You worshipped Trog.
Trog was most pleased with you.
You were a tree.
You visited 1 branch of the dungeon, and saw 5 of its levels.

You collected 219 gold pieces.

Inventory:

Hand Weapons
 a - a +0 hand axe (weapon)
 n - a +1 war axe
Armour
 b - a +1 animal skin (melded)
 h - a +0 pair of boots (melded)
 r - a +2 pair of gloves (melded)
Jewellery
 m - an amulet of faith (around neck)
 p - a ring of poison resistance (left branch)
Scrolls
 c - a scroll of fear
 f - a scroll of vulnerability
 g - a scroll of fog
 q - a scroll of enchant armour
 s - 2 scrolls of immolation
Potions
 i - 2 potions of lignification
 l - a potion of mutation {unknown}


   Skills:
 - Level 3.0 Fighting
 + Level 8.2 Axes
 - Level 1.7 Armour
 - Level 1.7 Dodging


You had 6 spell levels left.
You didn't know any spells.
Your spell library was empty.

Dungeon Overview and Level Annotations

Branches:
Dungeon (5/15)             Temple (0/1) D:5

Altars:

Shops:
D:2 (   D:4 :?=


Innate Abilities, Weirdness & Mutations

You are a tree.
Your roots penetrate the ground, keeping you stationary.
You cannot be teleported.
You are immune to unholy pain and torment.
Your maximum health is greatly increased.
Your equipment is partially melded.
((You are partially covered in yellow scales. (AC +2)))
Your demonic aura sometimes causes spilled blood to erupt in flames.
((You are partially covered in sharp spines.))
((You have a tail ending in a sharp stinger.))


Message History

The hornet is caught in the net!
The hornet is lightly wounded.
You feel sick.
The hornet struggles against the net. x3
Unknown command.
You completely miss the hornet.
The hornet is lightly wounded.
You feel sick.
The hornet struggles against the net.
The net rips apart, and the hornet comes free!
The hornet stings you but does no damage.
You miss the hornet.
The hornet is lightly wounded.
You feel sick. The hornet stings you!
* * * LOW HITPOINT WARNING * * *
You are more poisoned.
The hornet stings you.
* * * LOW HITPOINT WARNING * * *
You feel as though you will be slow longer.
You closely miss the hornet.
The hornet is lightly wounded.
* * * LOW HITPOINT WARNING * * *
You feel very sick. The hornet stings you.
* * * LOW HITPOINT WARNING * * *
The hornet stings you but does no damage.
It was a potion of ambrosia.
You are confused.
You feel invigorated.
You feel very sick.
The hornet stings you but does no damage.
The hornet stings you!
* * * LOW HITPOINT WARNING * * *
You feel as though you will be slow longer.
It was a potion of attraction.
You feel attractive to monsters.
* * * LOW HITPOINT WARNING * * *
You feel very sick. The hornet stings you.
* * * LOW HITPOINT WARNING * * *
The hornet stings you!
You die...

####,,,####......##..#...#.#*,,,,
#(.#,,,#..###..#..##.#...#..,,**,
#..#,,,#..#,##.....#........*,,,,
#..#,,,#..#,,+............#,*,**,
#..#,,,#..#,##...###......#.,,,,,
#.†#,,,#..###....###........**,>,
##'#,,,#'##.......#......##.,,,,,
...#####÷).......†..........*,**,
.........##.....♣y#...#..##.*,,,,
#.###.........†.####..y.....,,,*,
### ##..........#,*####..#*.**,*,
###....†.......#**....,,,,,,
#.#..........<**,....,,,,,
###..........#****###*****
#...#....### #####..### ##.#


You could see a hornet.

Vanquished Creatures
  A komodo dragon (D:5)
  A scorpion (D:5)
  A gnoll sergeant (D:5)
  2 hounds
  A jelly (D:5)
  2 iguanas (D:5)
  4 adders
  12 gnolls
  2 worms
  A dart slug (D:2)
  13 orcs
  5 endoplasms
  3 giant cockroaches
  9 goblins
  5 hobgoblins
  10 jackals
  A quokka (D:3)
  7 ball pythons
  11 bats
  3 frilled lizards
  5 kobolds
  2 rats
101 creatures vanquished.

Notes
Turn   | Place    | Note
-------+----------+-------------------------------------------
     0 | D:1      | ytrimaz the Demonspawn Berserker began the quest for the
                  | Orb.
     0 | D:1      | Reached XP level 1. HP: 18/18 MP: 1/1
   126 | D:1      | Reached skill level 3 in Axes
   328 | D:1      | Gained mutation: You have a small tail. [demonic ancestry]
   328 | D:1      | Reached XP level 2. HP: 15/24 MP: 2/2
  1112 | D:2      | Gained mutation: Your demonic aura sometimes causes spilled
                  | blood to erupt in flames. [demonic ancestry]
  1112 | D:2      | Reached XP level 3. HP: 22/29 MP: 3/3
  1115 | D:2      | Reached skill level 4 in Axes
  1414 | D:2      | Gained mutation: You are partially covered in yellow
                  | scales. (AC +2) [demonic ancestry]
  1414 | D:2      | Reached XP level 4. HP: 10/35 MP: 4/4
  1415 | D:2      | HP: 1/52 [gnoll/+2 halberd of venom (8)]
  1767 | D:2      | Reached ** piety under Trog
  1769 | D:2      | Reached skill level 5 in Axes
  1774 | D:2      | Gained mutation: You have a tail ending in a sharp stinger.
                  | [demonic ancestry]
  1774 | D:2      | Reached XP level 5. HP: 20/41 MP: 5/5
  1973 | D:2      | Found Riexad's Weapon Boutique.
  2247 | D:2      | Upgraded the game from 0.29-a0-1019-g84f7d21838 to
                  | 0.29-a0-1023-g6ae1a4a2c7
  4395 | D:4      | Identified the +1 leather armour "Elyedosch" {Fly rC+
                  | Stlth+}
  4573 | D:4      | Found Abeec's Magic Scroll Emporium.
  4582 | D:4      | Found Kag Ogula's Tremendous Tomes.
  4634 | D:4      | Reached skill level 6 in Axes
  4656 | D:4      | Found Cufoihal's One-of-a-Kind Rings.
  4769 | D:5      | Entered Level 5 of the Dungeon
  4788 | D:5      | Reached *** piety under Trog
  4789 | D:5      | Reached XP level 6. HP: 44/47 MP: 6/6
  5124 | D:5      | Reached skill level 7 in Axes
  5343 | D:5      | Noticed a komodo dragon
  5352 | D:5      | Killed a komodo dragon
  5353 | D:5      | Reached skill level 8 in Axes
  5353 | D:5      | Gained mutation: You are partially covered in sharp spines.
                  | [demonic ancestry]
  5353 | D:5      | Reached XP level 7. HP: 52/52 MP: 7/7
  5366 | D:5      | Noticed a hornet
  5386 | D:5      | HP: 2/78 [hornet (5)]
  5386 | D:5      | Mangled by a hornet

Illustrated notes

Levels and vault maps discovered:
D:1:      scummos_arrival_star, layout_loops_ring
D:2:      layout_loops_ring, serial_shops, nicolae_shop_hallway_plus,
          st_stairs_7
D:3:      layout_basic
D:4:      layout_gridville, kennysheep_mini, serial_shops,
          nicolae_shop_behind_doors, nicolae_shop_unique_rings,
          minmay_misc_feat_iff, nrook_mini_vaults, nicolae_shop_i_like_big_books
D:5:      layout_cave_pools, minmay_temple_entry_ruins, minmay_divided_ellipse,
          uniq_menkaure

Skill      XL: |  1  2  3  4  5  6 |
---------------+-------------------+-----
Axes           | 3 4 5 6 8 |  8.2
Fighting       | |  3.0
Armour         | |  1.7
Dodging        | |  1.7

Action                   |  1- 3 |  4- 6 |  7- 9 || total
-------------------------+-------+-------+-------++-------
Melee: Hand axe          |    66 |   229 |    14 ||   309
       Tailslap          |     5 |    30 |       ||    35
       War axe           |       |    10 |       ||    10
       Punch             |       |     3 |       ||     3
Throw: Throwing net      |       |       |     1 ||     1
Invok: Berserk           |     2 |     2 |       ||     4
  Use: Scroll            |     3 |     7 |       ||    10
       Potion            |     2 |       |     5 ||     7
 Stab: Sleeping          |     1 |     2 |       ||     3
       Invisible         |     1 |     1 |       ||     2
Armor: Animal skin       |    22 |    78 |     1 ||   101
       Skin              |       |       |    11 ||    11
Dodge: Dodged            |    64 |   155 |     9 ||   228

Table legend: (Time is in decaauts)
 A = Elapsed time spent in this place.
 B = Non-inter-level travel time spent in this place.
 C = Inter-level travel time spent in this place.
 D = Time resting spent in this place.
 E = Time spent auto-exploring this place.
 F = Levels seen in this place.
 G = Mean time per level.
                   A        B        C        D        E       F      G
               +--------+--------+--------+--------+--------+-----+--------+
         Total |   5420 |   5224 |    196 |    182 |   4239 |   5 | 1084.0 |
       Dungeon |   5420 |   5224 |    196 |    182 |   4239 |   5 | 1084.0 |
               +--------+--------+--------+--------+--------+-----+--------+

Top non-repeatable levels by time:
     D:2: 1578 daAuts
     D:3: 1493 daAuts
     D:1: 1105 daAuts
     D:4: 625 daAuts
     D:5: 618 daAuts
